[Event "*** Titled Tuesday Blitz"]
[Site "Chess.com"]
[Date "2020.05.12"]
[Round "6"]
[White "TengisChess"]
[Black "Drags95"]
[Result "1/2-1/2"]
[WhiteElo "2497"]
[BlackElo "2715"]
[TimeControl "180+1"]
[EndTime "11:06:15 PDT"]
[Termination "Game drawn by repetition"]

1. b3 e5 2. Bb2 d6 3. g3 Nf6 4. Bg2 g6 5. c4 Bg7 6. Nc3 O-O 7. e3 c6 8. Nge2 h5 9. h4 Bg4 10. O-O Nbd7 11. d3 Re8 12. Qc2 Rc8 13. Rae1 d5 14.
e4 dxe4 15. dxe4 Nc5 16. Rd1 Qa5 17. a3 Bxe2 18. Nxe2 Ne6 19. b4 Qc7 20. c5 Ng4 21. Bf3 Rcd8 22. Bxg4 hxg4 23. Rxd8 Rxd8 24. Rd1 Rxd1+ 25.
Qxd1 Qd8 26. Qxd8+ Nxd8 27. Nc1 f5 28. Ne2 Ne6 29.
h5 Kf7 30. hxg6+ Kxg6 31. Nc3 f4 32. Kf1 f3 33. Bc1 Bh6 34. Bxh6 Kxh6 35. Nd1 Ng5 36. Nc3 Kg6 37. Ke1 Kf6 38. Kd2 Ke6 39. Ke3 Kd7 40. Nb1 b6 41. cxb6 axb6 42. Nd2 b5 43. Nb3 Ne6 44. Kd3 Kd6 45. Ke3 c5 46. Nxc5 Nxc5 47.
bxc5+ Kxc5 48. Kd3 b4 49. a4 b3 50. Kc3 b2 51.
Kxb2 Kb4 52. a5 Kxa5 53. Ka3 Kb5 54. Kb3 Kc5 55. Kc3 Kb5 56. Kb3 Kc5 57. Kc3 Kb5 58. Kb3 1/2-1/2

[Event "*** Titled Tuesday Blitz"]
[Site "Chess.com"]
[Date "2020.05.12"]
[Round "6"]
[White "Duong57"]
[Black "elisak43"]
[Result "1-0"]
[WhiteElo "2268"]
[BlackElo "2409"]
[TimeControl "180+1"]
[EndTime "11:06:15 PDT"]
[Termination "Duong57 won by checkmate"]

1. d4 Nf6 2. c4 e6 3. Nc3 Bb4 4. Qc2 O-O 5. a3 Bxc3+ 6. Qxc3 b6 7. Bg5 Bb7 8. f3 c5 9. e3 d6 10. Bd3 Nbd7 11. Ne2 cxd4 12. exd4 Rc8 13. Qd2 h6 14. Bh4 d5 15. cxd5 Bxd5 16. O-O Qc7 17. Rac1 Qb7 18.
Nc3 Bc6 19. Qe2 Nd5 20. Nxd5 Bxd5 21. Ba6 Qa8 22. Bxc8 Rxc8 23. Rxc8+ Qxc8 24. Qd2 g5 25. Rc1 Qa6 26. Bg3 Kg7 27. Rc7 Qb5 28. Qc2 Nf6 29.
Be5 Qa5 30. Qc3 Qa4 31. Qc2 Qa5 32. Qe2 Qa4 33. h4 Qb3 34. h5 Qa2 35. Bxf6+ Kh7 36.
Qc2+ Kg8 37. Rc8# 1-0

[Event "*** Titled Tuesday Blitz"]
[Site "Chess.com"]
[Date "2020.05.12"]
[Round "6"]
[White "Anuar_Is"]
[Black "Andreikka"]
[Result "1-0"]
[WhiteElo "2806"]
[BlackElo "2936"]
[TimeControl "180+1"]
[EndTime "11:06:16 PDT"]
[Termination "Anuar_Is won by resignation"]

1. e4 e5 2. Nf3 Nc6 3. Bb5 a6 4. Ba4 Nf6 5. Nc3 Bc5 6. Nxe5 Nxe5 7. d4 b5 8. Bb3 Bxd4 9. Qxd4 d6 10. Qe3 c5 11. a4 c4 12. Ba2 Bb7 13. O-O O-O 14.
Qd4 Nc6 15. Qd1 Nb4 16. Bb1 Re8 17. Bg5 h6 18. Bh4 g5 19. Bg3 Nxe4 20. Nxe4 Bxe4 21. axb5 axb5 22. Rxa8 Bxa8 23. c3 Nd5 24. Qh5 Qf6 25. h4 Kg7 26. hxg5 Qxg5 27. Qh2 Nf6 28. Bxd6 Re2 29. Bf4 Qh5 30. Qg3+ Qg4 31. Qh2 h5 32. f3 Qe6 33. Qg3+ Kf8 34. Bh6+ Ke7 35. Qc7+ Qd7 36.
Qc5+ Qd6 37. Bf8+ Kxf8 38. Qxd6+ Kg7 39. Qg3+ 1-0

[Event "*** Titled Tuesday Blitz"]
[Site "Chess.com"]
[Date "2020.05.12"]
[Round "6"]
[White "SirMittensofMittensville"]
[Black "anon102030"]
[Result "0-1"]
[WhiteElo "2580"]
[BlackElo "2747"]
[TimeControl "180+1"]
[EndTime "11:06:16 PDT"]
[Termination "anon102030 won by resignation"]

1. e4 e5 2. Nf3 Nc6 3. Bc4 Bc5 4. d3 Nf6 5. c3 Bb6 6. O-O h6 7. Bb3 O-O 8. h3 d5 9. exd5 Nxd5 10. Re1 Re8 11. Na3 Bf5 12. Nc4 Qf6 13. Nxb6 Nxb6 14. Be3 Rad8 15. d4 exd4 16. Nxd4 Ne5 17. Qh5 Bg6 18. Qe2 Nd5 19. Rad1 c5 20. Nb5 Bd3 21. Rxd3 Nxd3 22. Qxd3 Nxe3 23. Qe2 Nf5 24. Qxe8+ Rxe8 25. Rxe8+ Kh7 26. Nxa7 g6 27. Rf8 Nd6 28. Rb8 c4 29. Bc2 Qf4 30. Rd8 Qc1+ 31. Kh2 Qxc2 32. Rxd6 Qxf2 33.
Nb5 Qxb2 34. Rb6 Qxa2 35. Rxb7 Qf2 36. Nd4 Kg7 37. Nf3 Qe2 38. Rc7 Qd3 39. Ne5 Qd6 40. Rxf7+ Kg8 0-1

[Event "*** Titled Tuesday Blitz"]
[Site "Chess.com"]
[Date "2020.05.12"]
[Round "6"]
[White "Baby_Shak"]
[Black "SamuelGhimpu2003"]
[Result "0-1"]
[WhiteElo "2476"]
[BlackElo "2716"]
[TimeControl "180+1"]
[EndTime "11:06:16 PDT"]
[Termination "SamuelGhimpu2003 won by checkmate"]

1. d4 Nf6 2. Bf4 d5 3. e3 c5 4. Nd2 Qb6 5. dxc5 Qxb2 6. Ngf3 Nc6 7. Rb1 Qc3 8. Bb5 e6 9. O-O Bd7 10. Nb3 Be7 11. Bc7 Bxc5 12. Bxc6 Bxc6 13. Be5 Qb4 14. a3 Qb6 15. Bxf6 gxf6 16. Nfd4 Bd6 17. Qh5 Ke7 18. Rfd1 Rag8 19. f4 Bd7 20. Kh1 Qc7 21. Nd2 Rg6 22. c4 dxc4 23. Ne4 Bc6 24. Nxc6+ Qxc6 25. f5 Rxg2 26.
Qf3 Rxh2+ 27. Kg1 Rg8+ 28. Kf1 Be5 29. fxe6 fxe6 30. Ng5 Rh1+ 31. Ke2 Qxf3+ 32. Nxf3 Rg2# 0-1

[Event "*** Titled Tuesday Blitz"]
[Site "Chess.com"]
[Date "2020.05.12"]
[Round "6"]
[White "wonderfultime"]
[Black "nabukatnezarr"]
[Result "1-0"]
[WhiteElo "2933"]
[BlackElo "2517"]
[TimeControl "180+1"]
[EndTime "11:06:17 PDT"]
[Termination "wonderfultime won by checkmate"]

1. d4 e6 2. c4 Nf6 3. Nf3 c5 4.
d5 exd5 5. cxd5 d6 6. Nc3 g6 7. Bf4 a6 8. a4 Bg7 9. e3 O-O 10. h3 Ne8 11. Be2 Nd7 12. O-O Ne5 13. Nxe5 Bxe5 14.
Bxe5 dxe5 15. a5 f5 16. Na4 Qxa5 17. Qc2 Nd6 18. Nxc5 Qc7 19. Rac1 Bd7 20. Qb3 Rfc8 21. Nd3 Qd8 22. Nxe5 Be8 23. Nd3 Kg7 24. Nc5 Bf7 25. Rfd1 Qe7 26. Qb6 Kh6 27. Bf3 Rc7 28. Ne6 Rd7 29.
Rc3 Nb5 30. Rcc1 Re8 31. Nc5 Rc7 32. d6 Nxd6 33. Rxd6 Rec8 34. b4 a5 35. bxa5 Qe5 36.
Bxb7 Rxc5 37. Rxc5 Rxc5 38. Rd1 Rxa5 39. Bf3 Ra1 40.
Qd8 Rxd1+ 41. Qxd1 Be6 42. Qd8 Qg7 43. Qh4# 1-0

[Event "*** Titled Tuesday Blitz"]
[Site "Chess.com"]
[Date "2020.05.12"]
[Round "6"]
[White "IwkooO"]
[Black "Matalon"]
[Result "1-0"]
[WhiteElo "2533"]
[BlackElo "2348"]
[TimeControl "180+1"]
[EndTime "11:06:17 PDT"]
[Termination "IwkooO won on time"]

1. e4 c5 2. Nf3 d6 3. d4 cxd4 4. Nxd4 Nf6 5. Nc3 e5 6. Bb5+ Nbd7 7. Nde2 a6 8. Bc4 Nb6 9. Bb3 Be6 10. Bg5 Be7 11.
O-O O-O 12. Qd2 Rc8 13. Rfd1 Rc6 14. Rac1 h6 15. Bxf6 Bxf6 16. Qd3 Bg5 17. Rb1 Qc8 18.
g3 h5 19. Nd5 Nxd5 20. Bxd5 Bxd5 21. exd5 Rc7 22. c3 f5 23. Qf3 g6 24. Qd3 b5 25. a4 e4 26. Qc2 bxa4 27. Nd4 a3 28. Ne6 Bf6 29. Nxc7 Qxc7 30. bxa3 Qc5 31. Qb3 e3 32.
Qb4 exf2+ 33. Kf1 Qe3 34. Qf4 Qxc3 35. Qxd6 1-0

[Event "*** Titled Tuesday Blitz"]
[Site "Chess.com"]
[Date "2020.05.12"]
[Round "6"]
[White "Baronessa08"]
[Black "SergioGarciaFuentes"]
[Result "1-0"]
[WhiteElo "2460"]
[BlackElo "2167"]
[TimeControl "180+1"]
[EndTime "11:06:17 PDT"]
[Termination "Baronessa08 won by resignation"]

1. c4 c6 2. d4 d5 3. cxd5 cxd5 4.
Nc3 Nf6 5. Bf4 a6 6. e3 Nc6 7. Rc1 e6 8. Bd3 Be7 9. Nf3 O-O 10. O-O Nh5 11. Bg3 Nxg3 12. hxg3 f5 13. Na4 g5 14. Nc5 g4 15. Ne5 Nxe5 16. dxe5 Qb6 17. Nb3 Bd7 18. Qe2 Rac8 19. Nd4 Rc7 20. f3 gxf3 21. Qxf3 Rfc8 22. Rxc7 Qxc7 23. Bxf5 exf5 24.
e6 Be8 25. Qxf5 Qxg3 26. Nf3 Qg6 27. Qxd5 Rc2 28. Ne5 Qg5 29. Rf4 Bc6 30. Nxc6 bxc6 31. Qf3 Qg6 32. Rg4 Bg5 33. Rxg5 Qxg5 34. Qf7+ 1-0

[Event "*** Titled Tuesday Blitz"]
[Site "Chess.com"]
[Date "2020.05.12"]
[Round "6"]
[White "Kopytkin"]
[Black "druskacik"]
[Result "0-1"]
[WhiteElo "2340"]
[BlackElo "2643"]
[TimeControl "180+1"]
[EndTime "11:06:17 PDT"]
[Termination "druskacik won on time"]

1. d4 d5 2. Bf4 c5 3. e3 Nf6 4.
Nf3 Nc6 5. c3 e6 6. Nbd2 Bd6 7.
Bg3 O-O 8. Bd3 b6 9. Ne5 Bb7 10. f4 Ne7 11. O-O Ne4 12. Qc2 f6 13. Nef3 Nxd2 14.
Qxd2 c4 15. Bc2 b5 16. a3 a5 17. Qe2 f5 18. Bh4 Qd7 19. Bxe7 Qxe7 20. Ne5 b4 21. a4 b3 22. Bd1 Bc8 23. g4 Bxe5 24.
fxe5 fxg4 25. Qxg4 Rxf1+ 26. Kxf1 Bd7 27. Bf3 Rf8 28. Ke2 Qe8 29. Rg1 Qf7 30. e4 dxe4 31.
Qxe4 Qe7 32. Qg4 Bxa4 33. Rg3 Be8 34. d5 exd5 35. Bxd5+ Kh8 36. Qe6 Qc5 37. Rf3 Bh5 38.
Kd2 Bxf3 39. Bxf3 Rxf3 0-1

[Event "*** Titled Tuesday Blitz"]
[Site "Chess.com"]
[Date "2020.05.12"]
[Round "6"]
[White "diablanni"]
[Black "RubensCezila"]
[Result "1-0"]
[WhiteElo "2315"]
[BlackElo "2450"]
[TimeControl "180+1"]
[EndTime "11:06:19 PDT"]
[Termination "diablanni won by resignation"]

1. e4 c6 2. d4 d5 3. Nc3 dxe4 4.
Nxe4 Nf6 5. Nxf6+ exf6 6. c3 Bd6 7. Bd3 O-O 8. Qc2 Re8+ 9. Ne2 h5 10. O-O h4 11. h3 Nd7 12. Bf4 Nf8 13. Bxd6 Qxd6 14.
Rae1 b5 15. Qd2 Be6 16. a3 a5 17. Qf4 Qxf4 18. Nxf4 Bb3 19. f3 b4 20. Rxe8 Rxe8 21. axb4 axb4 22. Ra1 bxc3 23. bxc3 g5 24. Ne2 Re3 25. Nc1 Re1+ 26. Kf2 Rd1 27. Be2 Rxc1 28. Rxc1 Ne6 29. Ke3 Nf4 30. Bf1 Kf8 31. c4 Ke7 32. Rc3 Ba4 33. Kd2 c5 34. dxc5 Ne6 35. Re3 Kd7 36.
Kc3 Nxc5 37. Kb4 Kd6 38. Re1 Bc2 39. Rc1 Bf5 40. Rd1+ Kc6 41. Rd5 Na6+ 42. Ka5 Bc8 43. Rd8 Bb7 44. Rf8 Nc5 45. Rxf7 Nd7 46. Kb4 Kd6 47. c5+ 1-0

[Event "*** Titled Tuesday Blitz"]
[Site "Chess.com"]
[Date "2020.05.12"]
[Round "6"]
[White "albano87"]
[Black "GM_LOADING"]
[Result "1-0"]
[WhiteElo "2317"]
[BlackElo "2457"]
[TimeControl "180+1"]
[EndTime "11:06:20 PDT"]
[Termination "albano87 won on time"]

1. Nf3 Nf6 2. g3 d5 3. d4 Bg4 4. Bg2 e6 5. Nbd2 c6 6. O-O Be7 7. c3 O-O 8. h3 Bh5 9. g4 Bg6 10. Ne5 Nbd7 11. Nxg6 hxg6 12. e4 dxe4 13. Nxe4 Nxe4 14.
Bxe4 e5 15. dxe5 Nxe5 16. Bf4 Qc7 17. Qe2 Bd6 18. Bg3 Rfe8 19. Qc2 Re7 20. Rfe1 Rae8 21.
Re2 Nc4 22. Bxd6 Qxd6 23. Rae1 Qf4 24. Kg2 a5 25. Bf3 Rxe2 26. Rxe2 Rxe2 27. Qxe2 Ne5 28. Qe3 Qxe3 29. fxe3 Nc4 30. b3 Nxe3+ 31. Kf2 Nd5 32. Bxd5 cxd5 33. Ke3 f5 34. Kd4 1-0

[Event "*** Titled Tuesday Blitz"]
[Site "Chess.com"]
[Date "2020.05.12"]
[Round "6"]
[White "gross-aleks"]
[Black "SketchyMoves"]
[Result "1-0"]
[WhiteElo "2494"]
[BlackElo "2626"]
[TimeControl "180+1"]
[EndTime "11:06:21 PDT"]
[Termination "gross-aleks won on time"]

1. c4 b6 2. d4 Bb7 3. Nc3 e6 4. a3 f5 5. Nf3 Nf6 6. g3 a5 7. Bg2 Ne4 8. O-O Nxc3 9. bxc3 Be7 10. Ne5 Bxg2 11. Kxg2 d6 12. Nd3 Qd7 13. Nf4 g5 14. Nh3 h6 15. d5 e5 16. e4 g4 17.
Ng1 fxe4 18. Qe2 Qf5 19. Re1 h5 20. Qxe4 Qxe4+ 21. Rxe4 Nd7 22. Re2 Nc5 23. Be3 Ne4 24. Rc1 Nf6 25. a4 Kd7 26. Bg5 Nxd5 27. cxd5 Bxg5 28.
Rb1 h4 29. h3 hxg3 30. fxg3 gxh3+ 31. Nxh3 Be7 32. Nf2 Rag8 33. Ne4 Rf8 34. c4 Rhg8 35. Rf1 Rxf1 36. Kxf1 c6 37. Kg2 cxd5 38. cxd5 Rc8 39. Rb2 Rc4 40. Kf3 Rxa4 41. Rxb6 Rd4 42. Rb7+ Ke8 43.
Rb5 a4 44. Ra5 Bd8 45. Nxd6+ Kd7 46. Ra6 Rxd5 47. Nf7 Ba5 48. Ke4 Rb5 49. Nxe5+ Kc7 50. Nc4 Be1 51. g4 Rc5 52. Ne3 1-0

[Event "*** Titled Tuesday Blitz"]
[Site "Chess.com"]
[Date "2020.05.12"]
[Round "6"]
[White "Harut-1998"]
[Black "joppie2"]
[Result "1/2-1/2"]
[WhiteElo "2772"]
[BlackElo "2880"]
[TimeControl "180+1"]
[EndTime "11:06:22 PDT"]
[Termination "Game drawn by repetition"]

1. d4 Nf6 2. Nf3 d5 3. c4 e6 4. g3 dxc4 5. Bg2 c5 6. O-O Nc6 7. dxc5 Qxd1 8. Rxd1 Bxc5 9. Nfd2 Na5 10. Na3 Bxa3 11.
bxa3 e5 12. Bb2 O-O 13. Bc3 Nc6 14. Nxc4 Bg4 15. f3 Be6 16. Nxe5 Nxe5 17. Bxe5 Nd5 18. f4 Ne3 19. Bxb7 Nxd1 20. Bxa8 Rxa8 21. Rxd1 f6 22. Bd4 Rd8 23. e3 Rd7 24. Kf2 h5 25.
Rd2 Bf5 26. Rb2 Kf7 27. a4 Kg6 28. a5 Rd5 29. a6 Ra5 30. Bxa7 Be6 31. e4 Rxa6 32.
f5+ Kh7 33. fxe6 Rxa7 34. Ke3 Ra6 35. e7 Re6 36. Rb7 f5 37. Ra7 Rxe4+ 38. Kf3 Kg6 39. a4 Kf7 40. h4 g6 41. a5 Re5 42.
a6 Re6 43. Kf4 Re4+ 44. Kf3 Re6 45. Kf4 Re4+ 46. Kf3 Re6 1/2-1/2

[Event "*** Titled Tuesday Blitz"]
[Site "Chess.com"]
[Date "2020.05.12"]
[Round "6"]
[White "KaterynaLagno"]
[Black "IMAghasiyevKamal"]
[Result "1/2-1/2"]
[WhiteElo "2687"]
[BlackElo "2532"]
[TimeControl "180+1"]
[EndTime "11:06:22 PDT"]
[Termination "Game drawn by agreement"]

1. e4 e5 2. Nf3 Nc6 3. Bb5 a6 4. Ba4 Nf6 5. O-O Be7 6. d3 d6 7. c3 O-O 8. Nbd2 b5 9. Bc2 Na5 10. a4 Bd7 11. b4 Nc6 12. Re1 Re8 13. Nf1 Bf8 14. h3 d5 15. Bg5 d4 16. cxd4 h6 17.
axb5 axb5 18. Rxa8 Qxa8 19. dxe5 hxg5 20. exf6 gxf6 21.
d4 Bxb4 22. Re2 Qa3 23. Bb1 Bf8 24. Ne3 Bg7 25. Nd5 Ne7 26. Nxc7 Rc8 27. Rc2 b4 28. Rc5 b3 29. Qd3 Ng6 30. Nb5 Qb4 31. Rxc8+ Bxc8 32. Qc3 Qxc3 33. Nxc3 f5 34. exf5 Ne7 35. g4 Nc6 36. d5 Nb4 37. f6 Bxf6 38. Ne4 Nxd5 39. Nxf6+ Nxf6 40. Nxg5 Nd5 41. Ne4 Kg7 42. Kf1 f5 43.
gxf5 Bxf5 44. Nd2 Bxh3+ 45. Ke1 b2 46. Kd1 1/2-1/2

[Event "*** Titled Tuesday Blitz"]
[Site "Chess.com"]
[Date "2020.05.12"]
[Round "6"]
[White "BIG_Pirate"]
[Black "kismet6"]
[Result "0-1"]
[WhiteElo "2291"]
[BlackElo "1943"]
[TimeControl "180+1"]
[EndTime "11:06:23 PDT"]
[Termination "kismet6 won by resignation"]

1. Nf3 d5 2. c4 d4 3. g3 c5 4.
Bg2 Nc6 5. O-O e5 6. e3 e4 7. Ne1 Nf6 8. d3 Bf5 9. exd4 Nxd4 10. Nc3 exd3 11. Nxd3 Be7 12. Bxb7 O-O 13. Bg2 Nc2 14. Qxc2 Bxd3 15. Qd1 Bxf1 16. Qxf1 Rb8 17. b3 Qd4 18. Bb2 Rfd8 19. Rd1 Qg4 20. Re1 Bf8 21. h3 Qg6 22.
Nb5 Rd2 23. Be5 Re8 24. Bxf6 Qxf6 25. Rxe8 Rxa2 26. Nc7 Ra1 27. Re1 Ra2 28. Nd5 Qd4 29. Re8 g6 30. Re4 Qb2 31. Ne7+ Kg7 32. Qd3 Qxf2+ 0-1

[Event "*** Titled Tuesday Blitz"]
[Site "Chess.com"]
[Date "2020.05.12"]
[Round "6"]
[White "temus_galaktionov"]
[Black "PlotnikovPavel"]
[Result "1-0"]
[WhiteElo "2740"]
[BlackElo "2498"]
[TimeControl "180+1"]
[EndTime "11:06:24 PDT"]
[Termination "temus_galaktionov won by resignation"]

1. d4 e6 2. Nf3 f5 3. c4 Nf6 4. g3 Bb4+ 5. Bd2 Qe7 6. Bg2 O-O 7.
O-O Bxd2 8. Qxd2 d6 9. Nc3 c6 10. Qd3 e5 11. dxe5 dxe5 12. e4 f4 13. Rad1 fxg3 14.
hxg3 Bg4 15. Rd2 Na6 16. Qe3 Qc5 17. Qxc5 Nxc5 18. Nxe5 Be6 19. b3 Rae8 20. Nd3 Nxd3 21. Rxd3 Ng4 22. f4 h5 23. Na4 b6 24. e5 c5 25. Nc3 Nh6 26. Ne4 Nf5 27. Nd6 Rd8 28.
Bh3 g6 29. Bxf5 Bxf5 30. Rd2 Bg4 31. Rff2 Kg7 32. Ne4 a5 33. Rxd8 Rxd8 34. Rd2 Rxd2 35. Nxd2 Bf5 36. Kf2 g5 37. fxg5 Kg6 38. Nf3 Bb1 39.
e6 Kg7 40. Ke3 Bf5 41. e7 Kf7 42. Kf4 Bb1 43. g6+ Kxe7 44. Kg5 Bxa2 45. g7 Kf7 46. Kh6 Bb1 47. Ne5+ Kg8 48. Nd7 1-0

[Event "*** Titled Tuesday Blitz"]
[Site "Chess.com"]
[Date "2020.05.12"]
[Round "6"]
[White "Logman74"]
[Black "Chesswizard_2007"]
[Result "1-0"]
[WhiteElo "2382"]
[BlackElo "2556"]
[TimeControl "180+1"]
[EndTime "11:06:24 PDT"]
[Termination "Logman74 won by checkmate"]

1. e4 d6 2. d4 Nf6 3. Nc3 Nbd7 4. Nf3 e5 5. Bc4 Be7 6. O-O c6 7. Re1 Qc7 8. a4 h6 9. h3 g5 10. dxe5 Nxe5 11. Nxe5 dxe5 12. Be3 g4 13. h4 g3 14. fxg3 Ng4 15. Qf3 f6 16. Rad1 b6 17. Kh1 Bd7 18. Bg1 O-O-O 19. Rxd7 Qxd7 20. Rd1 Bd6 21. Rxd6 Qxd6 22. Qxg4+ Kb8 23. Be3 Qb4 24. Bb3 Qe7 25. Kh2 Rh7 26. a5 b5 27. Qf5 Rdh8 28. Qf2 h5 29. Bc5 Qd8 30. a6 Rg7 31. Be6 b4 32. Bxb4 Qb6 33. Bd6+ Ka8 34. Qe2 Qxb2 35. Qc4 Qb6 36.
Na4 Rhg8 37. Nxb6+ axb6 38. Qxc6+ Ka7 39. Bxg8 Kxa6 40.
Bc4+ Ka7 41. Bc7 Rxc7 42. Qxc7+ Ka8 43. Bd5# 1-0

[Event "*** Titled Tuesday Blitz"]
[Site "Chess.com"]
[Date "2020.05.12"]
[Round "6"]
[White "2nd_life"]
[Black "ChessQueen"]
[Result "1-0"]
[WhiteElo "2422"]
[BlackElo "2608"]
[TimeControl "180+1"]
[EndTime "11:06:25 PDT"]
[Termination "2nd_life won by resignation"]

1. Nf3 Nf6 2. g3 b6 3. Bg2 Bb7 4. d3 e6 5. e4 d5 6. e5 Nfd7 7. O-O Be7 8. Re1 c5 9. h4 Nc6 10.
Bf4 h6 11. h5 Qc7 12. Nbd2 O-O-O 13. c3 g5 14. hxg6 fxg6 15. d4 g5 16. Be3 Rdg8 17. a3 h5 18. b4 g4 19. Nh2 h4 20.
Ndf1 hxg3 21. fxg3 Bg5 22. Qd2 Bxe3+ 23. Nxe3 Ndxe5 24. dxe5 Nxe5 25. Nef1 Nf3+ 26. Nxf3 gxf3 27. Bxf3 Rh3 28. Bg2 Rh7 29. Rxe6 Rhg7 30. Rae1 Qd7 31. bxc5 bxc5 32. c4 d4 33. Bxb7+ Kxb7 34. Qg2+ Kc7 35.
R1e5 Rg5 36. Rxg5 Rxg5 37. Qe4 Rg7 38. Qe5+ Kb7 39. Rd6 Qg4 40. Qd5+ 1-0

[Event "*** Titled Tuesday Blitz"]
[Site "Chess.com"]
[Date "2020.05.12"]
[Round "6"]
[White "Oligan22"]
[Black "pirulillo"]
[Result "0-1"]
[WhiteElo "2379"]
[BlackElo "2205"]
[TimeControl "180+1"]
[EndTime "11:06:25 PDT"]
[Termination "pirulillo won by checkmate"]

1. e4 c5 2. Nf3 e6 3. d4 cxd4 4. Nxd4 Nf6 5. Nc3 Nc6 6. Nxc6 bxc6 7. e5 Nd5 8. Ne4 Bb7 9. c4 Nb4 10. c5 Ba6 11. a3 Nd5 12. Bxa6 Qa5+ 13. b4 Qxa6 14.
Qe2 Qxe2+ 15. Kxe2 a5 16. Bd2 f5 17. exf6 gxf6 18. bxa5 f5 19. Nd6+ Bxd6 20. cxd6 Kf7 21. Rab1 e5 22. Rb7 Ke6 23. Rhb1 Kxd6 24. g3 h5 25. h4 Rhg8 26. Kd3 Rg4 27. Bb4+ c5 28. Bd2 f4 29. gxf4 exf4 30. Ke4 Re8+ 31. Kf3 Rxh4 32. Rd1 Rh3+ 33. Kg2 Rd3 34. a6 Rg8+ 35. Kh2 Kc6 36. Rb2 Rg4 37. f3 Rxf3 38. a7 Nc7 39. Rb8 Rfg3 40. Ba5 Rh4# 0-1

[Event "*** Titled Tuesday Blitz"]
[Site "Chess.com"]
[Date "2020.05.12"]
[Round "6"]
[White "SahaNeelash"]
[Black "LikeWater"]
[Result "1-0"]
[WhiteElo "2546"]
[BlackElo "2683"]
[TimeControl "180+1"]
[EndTime "11:06:26 PDT"]
[Termination "SahaNeelash won on time"]

1. d4 Nf6 2. Bg5 Ne4 3. Bf4 e6 4. f3 Nf6 5. e4 d5 6. e5 Nfd7 7. Be3 c5 8. c3 Nc6 9. f4 cxd4 10. cxd4 Qa5+ 11. Qd2 Bb4 12. Nc3 Nb6 13. Bd3 Na4 14.
Nge2 Bxc3 15. bxc3 O-O 16. O-O f5 17. exf6 Rxf6 18. Rf3 Bd7 19. Rh3 g6 20. Qe1 Rf7 21.
Qh4 Nxc3 22. Bxg6 Nxe2+ 23. Kf2 Rg7 24. Bxh7+ Kf8 25. Kxe2 Qb5+ 26. Kf3 Qb2 27. Qf6+ Rf7 28. Qh6+ Ke7 29. Qg5+ Kd6 30. Rb1 Nxd4+ 31. Kg3 Qc3 32. Qe5+ Ke7 33. Qxd4 Qxd4 34. Bxd4 e5 35. Bxe5 Bxh3 36.
gxh3 b6 37. Bd3 Rg8+ 38. Kf3 Kd7 39. Bb5+ Ke6 40. Rc1 1-0

[Event "*** Titled Tuesday Blitz"]
[Site "Chess.com"]
[Date "2020.05.12"]
[Round "6"]
[White "CalinGheorghiu"]
[Black "Mouse-Sleep"]
[Result "0-1"]
[WhiteElo "2311"]
[BlackElo "2507"]
[TimeControl "180+1"]
[EndTime "11:06:26 PDT"]
[Termination "Mouse-Sleep won by resignation"]

1. e4 c5 2. Nf3 d6 3. d4 cxd4 4. Nxd4 Nf6 5. Nc3 g6 6. f3 Bg7 7. Be3 O-O 8. Bc4 Nc6 9. Qd2 Bd7 10. O-O-O Rc8 11. Bb3 Nxd4 12. Bxd4 a5 13. a4 b5 14. axb5 a4 15. Bxa4 Qa5 16. Bb3 Bxb5 17. Na2 Qa6 18. Kb1 Bc4 19. Bxc4 Rxc4 20. b3 Ra8 21. c3 e5 22. Be3 Rc6 23. Qb2 Qc8 24. Nb4 Rc7 25. Rd3 Bf8 26. g4 d5 27. Nxd5 Nxd5 28.
exd5 Qa6 29. Rd2 Rac8 30. c4 Bb4 31. Rc2 Ba3 32. Qxe5 Rb7 33. Bd4 Rxb3+ 34. Ka2 Bd6+ 0-1

[Event "*** Titled Tuesday Blitz"]
[Site "Chess.com"]
[Date "2020.05.12"]
[Round "6"]
[White "DanielTitichoca"]
[Black "C_K_G"]
[Result "0-1"]
[WhiteElo "2339"]
[BlackElo "2036"]
[TimeControl "180+1"]
[EndTime "11:06:27 PDT"]
[Termination "C_K_G won on time"]

1. Nf3 c5 2. b3 d5 3. Bb2 Nc6 4. e3 Nf6 5. Bb5 e6 6. O-O Qc7 7. Bxc6+ Qxc6 8. Ne5 Qc7 9. f4 Bd6 10. d3 O-O 11. Nd2 a6 12. Rf3 b5 13. Rh3 Bb7 14.
Ng4 Nxg4 15. Qxg4 d4 16. Ne4 Bxe4 17. dxe4 f5 18. exf5 exf5 19. Qh5 g6 20. Qh6 Rf7 21. Rf1 Bf8 22. Qg5 Rd8 23. g4 Bg7 24. exd4 Bxd4+ 25. Bxd4 cxd4 26. Rg3 fxg4 27. Rxg4 Rdf8 28. f5 Qe5 29. f6 Qxg5 30. Rxg5 Rxf6 31. Rxf6 Rxf6 32. Rd5 Rc6 33. Rxd4 Rxc2 34. a4 Rc3 35. axb5 axb5 36. Rb4 Rc5 37. Kf2 h5 0-1

[Event "*** Titled Tuesday Blitz"]
[Site "Chess.com"]
[Date "2020.05.12"]
[Round "6"]
[White "AniJak"]
[Black "BhulseATX"]
[Result "0-1"]
[WhiteElo "2211"]
[BlackElo "1983"]
[TimeControl "180+1"]
[EndTime "11:06:27 PDT"]
[Termination "BhulseATX won by resignation"]

1. e4 c6 2. d4 d5 3. e5 Bf5 4. Nf3 e6 5. Be2 Ne7 6. O-O c5 7. c4 cxd4 8. Nxd4 Nbc6 9. Nb5 Nc8 10. cxd5 exd5 11. Qxd5 Qxd5 12. Nc7+ Kd7 13. Nxd5 Nxe5 14. Rd1 Bd6 15. Nbc3 Be6 16. Be3 Rd8 17. Nf4 Ke7 18.
Ncd5+ Bxd5 19. Nxd5+ Kf8 20. f4 Nc6 21. Nc3 N8e7 22.
Nb5 Bb4 23. Nxa7 Rxd1+ 24. Rxd1 Nf5 25. Nxc6 bxc6 26. Bf2 Rxa2 27. g4 Nh6 28. Bd4 f6 29. h3 c5 30. Bf2 Rxb2 31. Rc1 Rxe2 32. Bxc5+ Bxc5+ 33. Rxc5 Re4 34. f5 Nxg4 35. hxg4 Rxg4+ 36. Kh2 Rg5 37. Kh3 g6 38. Rc8+ Ke7 39. Rc7+ Kd6 40. Rxh7 Rxf5 41. Rg7 g5 42. Kg4 Rf4+ 43. Kg3 Ke5 44. Rg8 Kf5 45. Re8 Ra4 46. Rd8 Ra3+ 47. Kf2 Kg4 48. Rd4+ Kh5 49. Rd6 f5 50. Rd8 Kg4 51. Rd7 f4 52. Kf1 Ra2 53. Rd5 Kh4 54. Rd8 Kg3 55. Rg8 g4 56. Ke1 f3 57. Rf8 Kg2 58. Rf4 g3 59. Rxf3 0-1

[Event "*** Titled Tuesday Blitz"]
[Site "Chess.com"]
[Date "2020.05.12"]
[Round "6"]
[White "VerdeNotte"]
[Black "Revnov"]
[Result "1-0"]
[WhiteElo "2883"]
[BlackElo "2682"]
[TimeControl "180+1"]
[EndTime "11:06:28 PDT"]
[Termination "VerdeNotte won by resignation"]

1. e4 c5 2. Nc3 a6 3. g3 b5 4. Bg2 Bb7 5. Nge2 b4 6. Na4 e6 7.
d4 cxd4 8. Qxd4 Nc6 9. Qb6 Nf6 10. Qxb7 Rb8 11. Qxa6 Ra8 12. Qb5 Ra5 13. Qb6 Rxa4 14. Qxd8+ Kxd8 15. b3 Ra5 16. Bb2 Kc7 17. Nf4 Be7 18.
Nd3 Rha8 19. Kd2 Rxa2 20. e5 Ng4 21. h3 Nh6 22. g4 f6 23. f4 Nf7 24. exf6 gxf6 25.
Rxa2 Rxa2 26. Ra1 Rxa1 27. Bxa1 h6 28. Ke3 d5 29. f5 d4+ 30. Bxd4 Nxd4 31. Kxd4 exf5 32.
gxf5 Nd6 33. Be4 Kb6 34. Kd5 Nb5 35. Ke6 Bd8 36. Nxb4 Kc5 37. Nd3+ Kd4 38. Bc6 Nc3 39. Nf4 Ke3 40. Nh5 Ne2 41. Kd7 Ba5 42. Nxf6 Bc3 43. Nd5+ 1-0

[Event "*** Titled Tuesday Blitz"]
[Site "Chess.com"]
[Date "2020.05.12"]
[Round "6"]
[White "Lion-Al-Messi"]
[Black "Andrei_Belozerov"]
[Result "0-1"]
[WhiteElo "2449"]
[BlackElo "2599"]
[TimeControl "180+1"]
[EndTime "11:06:28 PDT"]
[Termination "Andrei_Belozerov won on time"]

1. e4 c5 2. Nf3 d6 3. d4 cxd4 4. Nxd4 Nf6 5. Nc3 a6 6. h3 e5 7. Nde2 h5 8. Bg5 Be7 9. g3 Nbd7 10. a4 b6 11. Bg2 Bb7 12. O-O O-O 13. Be3 b5 14. axb5 axb5 15. Qd2 b4 16. Nd5 Nxd5 17. exd5 Nf6 18. Bg5 Qb6 19. Kh2 Rfc8 20. Rxa8 Bxa8 21. Be3 Qb5 22. Rd1 Bxd5 23. Bxd5 Nxd5 24. Qxd5 Qxe2 25. Rd2 Qc4 26. Qb7 Rc7 27. Qa8+ Kh7 28. Qe8 Bf6 29.
Rxd6 Qxc2 30. Rb6 h4 31. g4 Bg5 32. Rb8 Bxe3 33. Qh8+ Kg6 34. Qh5+ Kf6 35. Qxh4+ Bg5 36.
Rb6+ Rc6 37. Rxc6+ Qxc6 38. Qh8 Bf4+ 39. Kg1 Qd5 40.
Qh4+ Bg5 41. Qg3 e4 42. h4 Bd2 43. g5+ Ke6 0-1